 Dungeon Crawl Stone Soup version 0.26.1-11-gd32895ea62 (webtiles) character file.

Game seed: 7589795332562180801

439561 boysha the Impregnable (level 24, -2/154 HPs)
             Began as a Gargoyle Fighter on May 18, 2021.
             Was an Elder of Okawaru.
             Splashed by an acid blob's acid (7 damage)
             ... on level 9 of a ziggurat on May 19, 2021.
             The game lasted 08:36:20 (65179 turns).

boysha the Impregnable (Gargoyle Fighter)          Turns: 65179, Time: 08:36:20

Health: -2/154     AC: 52    Str: 27      XL:     24   Next: 8%
Magic:  17/30      EV: 10    Int: 15      God:    Okawaru [****..]
Gold:   2519       SH: 32    Dex: 13 (14) Spells: 14/23 levels left

rFire    + . .     SeeInvis +   Z - +5 eveningstar (vorpal)
rCold    . . .     Faith    .   d - +6 tower shield {reflect}
rNeg     + + .     Spirit   .   j - +8 crystal plate armour "Siqaanaw" {rCorr}
rPois    ∞         Reflect  +   T - +3 crown of Dyrovepreva {rElec Int+2 SInv}
rElec    +         Harm     .   L - +0 cloak {Will+}
rCorr    +         Rampage  +   a - +0 pair of gloves {Dex+3}
Will     ++...     Clarity  +   W - +1 pair of boots {rampage} Stlth ..........Rnd*Tele +
                                h - amulet of regeneration
HPRegen  0.75/turn              o - ring "Riuwnyzy" {rF+ rN+}
MPRegen  0.22/turn              O - ring of Mutualism {*Drain +Inv rPois Int+3 Slay+3}

@: heroism, corroded, very slightly contaminated, invisible
A: big wings, rugged brown scales 1, clarity, clumsy 1, deterioration 1, frail
1, negative energy resistance 1, electricity resistance, teleportitis 1,
unbreathing, petrification resistance, no potion heal 1, miasma immunity, AC +18
}: 2/15 runes: barnacled, gossamer
a: Fly, Renounce Religion, Evoke Invisibility, Heroism


You were on level 9 of a ziggurat.
You worshipped Okawaru.
Okawaru was greatly pleased with you.
You visited 9 branches of the dungeon, and saw 41 of its levels.
You visited the Abyss 2 times.
You visited 1 bazaar.
You visited 1 ziggurat, and saw 9 of its levels.
You also visited: Gauntlet.

You collected 5813 gold pieces.
You spent 3294 gold pieces at shops.

Inventory:

Hand Weapons
 s - the +5 war axe of Relitt {flame, rPois Will+}
   (You found it on level 8 of a ziggurat)

   It has been specially enchanted to burn those struck by it, causing extra
   injury to most foes and up to half again as much damage against particularly
   susceptible opponents.
   Big, fiery blades are also staple armaments of hydra-hunters.
   It protects you from poison.
   It affects your willpower, your defense against some magical effects.
 F - a +5 flail of holy wrath
 Z - a +5 vorpal eveningstar (weapon)
Missiles
 k - 24 curare-tipped darts
 E - 8 throwing nets
 P - 39 atropa-tipped darts
 X - 49 silver javelins (quivered)
 Y - 7 datura-tipped darts
Armour
 a - a +0 pair of gloves of dexterity (worn)
 d - a +6 tower shield of reflection (worn)
 f - +0 ice dragon scales
 j - the +8 crystal plate armour "Siqaanaw" (worn) {rCorr}
   (Okawaru gifted it to you on level 3 of the Elven Halls)

   It provides partial protection from all sources of acid and corrosion.
 L - a +0 cloak of willpower (worn)
 S - a scarf of resistance
 T - the +3 crown of Dyrovepreva (worn) {rElec Int+2 SInv}
   (You bought it in a shop on level 2 of the Orcish Mines)

   It affects your intelligence (+2).
   It insulates you from electricity.
   It lets you see invisible.
 W - a +1 pair of boots of rampaging (worn)
Jewellery
 h - an amulet of regeneration (around neck)
 o - the ring "Riuwnyzy" (left hand) {rF+ rN+}
   (You acquired it on level 1 of the Elven Halls)

   [ring of positive energy]

   It protects you from fire.
   It protects you from negative energy.
 O - the ring of Mutualism (right hand) {*Drain +Inv rPois Int+3 Slay+3}
   (You found it on level 6 of a ziggurat)

   [ring of poison resistance]

   It affects your intelligence (+3).
   It affects your accuracy and damage with ranged weapons and melee attacks
   (+3).
   It protects you from poison.
   It lets you turn invisible.
   It causes draining when unequipped.
 U - the ring of the Distant Future {Wiz rC++ Dex+3}
   (You found it in a Gauntlet)

   [ring of wizardry]

   It improves your spell success rate.
   It affects your dexterity (+3).
   It greatly protects you from cold.
Wands
 n - a wand of acid (42)
 r - a wand of random effects (51)
 y - a wand of iceblast (43)
 A - a wand of enslavement (25)
 C - a wand of digging (20)
 H - a wand of paralysis (23)
 I - a wand of disintegration (66)
 N - a wand of polymorph (36)
Scrolls
 c - 4 scrolls of enchant weapon
 e - 3 scrolls of silence
 i - 3 scrolls of fog
 l - 8 scrolls of amnesia
 m - a scroll of enchant armour
 p - 12 scrolls of magic mapping
 u - 23 scrolls of remove curse
 z - 14 scrolls of teleportation
 D - 8 scrolls of blinking
 K - 2 scrolls of summoning
 M - 2 scrolls of fear
 Q - 18 scrolls of identify
Potions
 b - 3 potions of berserk rage
 g - 19 potions of curing
 q - 6 potions of magic
 v - 6 potions of resistance
 B - 5 potions of haste
 G - 2 potions of invisibility
 J - 6 potions of heal wounds
 R - 2 potions of might
 V - 2 potions of mutation


   Skills:
 - Level 21.0(26.0) Fighting
 - Level 18.2(23.2) Maces & Flails
 - Level 5.0(10.0) Throwing
 - Level 21.0(26.0) Armour
 - Level 20.0(25.0) Shields
 + Level 12.6 Translocations
 - Level 10.0 Invocations
 - Level 8.0 Evocations


You had 14 spell levels left.
You knew the following spells:

 Your Spells              Type           Power        Failure   Level
a - Blink                 Tloc           N/A          1%          2
b - Teleport Other        Tloc           37%          3%          3
c - Lesser Beckoning      Tloc           18%          3%          3
d - Apportation           Tloc           74%          1%          1

Your spell library contained the following spells:

 Spells                   Type           Power        Failure   Level
 Gell's Gravitas          Tloc           18%          3%          3
 Passage of Golubria      Tloc           N/A          11%         4
 Portal Projectile        Hex/Tloc       36%          38%         3
 Animate Skeleton         Necr           0%           88%         1
 Beastly Appendage        Tmut           0%           88%         1
 Corona                   Hex            0%           88%         1
 Freeze                   Ice            0%           88%         1
 Pain                     Necr           0%           88%         1
 Sandblast                Erth           0%           88%         1
 Shock                    Conj/Air       0%           88%         1
 Sting                    Tmut/Pois      0%           88%         1
 Summon Small Mammal      Summ           0%           88%         1
 Call Imp                 Summ           0%           95%         2
 Corpse Rot               Necr/Air       N/A          95%         2
 Ensorcelled Hibernation  Hex/Ice        0%           95%         2
 Passwall                 Tmut/Erth      0%           95%         2
 Poisonous Vapours        Pois/Air       0%           95%         2
 Slow                     Hex            0%           95%         2
 Swiftness                Air            0%           95%         2
 Wereblood                Tmut           0%           95%         2
 Summon Forest            Summ/Tloc      9%           98%         5
 Call Canine Familiar     Summ           0%           99%         3
 Confusing Touch          Hex            0%           99%         3
 Conjure Flame            Conj/Fire      0%           99%         3
 Dazzling Flash           Conj/Hex       0%           99%         3
 Frozen Ramparts          Ice            0%           99%         3
 Ignite Poison            Fire/Tmut/Pois 0%           99%         3
 Inner Flame              Hex/Fire       0%           99%         3
 Mephitic Cloud           Conj/Pois/Air  0%           99%         3
 Ozocubu's Armour         Ice            0%           99%         3
 Spider Form              Tmut/Pois      0%           99%         3
 Static Discharge         Conj/Air       0%           99%         3
 Stone Arrow              Conj/Erth      0%           99%         3
 Summon Guardian Golem    Hex/Summ       0%           99%         3
 Tukima's Dance           Hex            0%           99%         3
 Vampiric Draining        Necr           0%           99%         3
 Airstrike                Air            0%           100%        4
 Animate Dead             Necr           0%           100%        4
 Cause Fear               Hex            0%           100%        4
 Dispel Undead            Necr           0%           100%        4
 Hailstorm                Conj/Ice       0%           100%        4
 Ice Form                 Ice/Tmut       0%           100%        4
 Leda's Liquefaction      Hex/Erth       0%           100%        4
 Olgreb's Toxic Radiance  Pois           0%           100%        4
 Petrify                  Tmut/Erth      0%           100%        4
 Sticky Flame             Conj/Fire      0%           100%        4
 Summon Ice Beast         Ice/Summ       0%           100%        4
 Summon Lightning Spire   Summ/Air       0%           100%        4
 Agony                    Necr           0%           100%        5
 Alistair's Intoxication  Tmut/Pois      0%           100%        5
 Blade Hands              Tmut           0%           100%        5
 Borgnjor's Vile Clutch   Necr/Erth      0%           100%        5
 Excruciating Wounds      Necr           0%           100%        5
 Irradiate                Conj/Tmut      0%           100%        5
 Lee's Rapid Deconstruct  Erth           0%           100%        5
 Lightning Bolt           Conj/Air       0%           100%        5
 Metabolic Englaciation   Hex/Ice        0%           100%        5
 Silence                  Hex/Air        0%           100%        5
 Summon Demon             Summ           0%           100%        5
 Summon Mana Viper        Hex/Summ       0%           100%        5
 Yara's Violent Unravell  Hex/Tmut       0%           100%        5
 Conjure Ball Lightning   Conj/Air       0%           100%        6
 Eringya's Noxious Bog    Tmut/Pois      0%           100%        6
 Freezing Cloud           Conj/Ice/Air   0%           100%        6
 Hydra Form               Tmut           0%           100%        6
 Invisibility             Hex            0%           100%        6
 Ozocubu's Refrigeration  Ice            0%           100%        6
 Shadow Creatures         Summ           N/A          100%        6
 Simulacrum               Ice/Necr       0%           100%        6
 Starburst                Conj/Fire      0%           100%        6
 Dragon Form              Tmut           0%           100%        7
 Malign Gateway           Summ/Tloc      9%           100%        7
 Summon Hydra             Summ           0%           100%        7
 Discord                  Hex            0%           100%        8
 Ignition                 Fire           0%           100%        8
 Shatter                  Erth           0%           100%        9
 Tornado                  Air            0%           100%        9
 Sublimation of Blood     Necr           Unusable     N/A         2
 Statue Form              Tmut/Erth      Unusable     N/A         6

Dungeon Overview and Level Annotations

Branches:
Dungeon (15/15)            Temple (1/1) D:4            Lair (6/6) D:9
 Shoals (4/4) Lair:4       Spider (4/4) Lair:3        Slime (0/5) Lair:5
    Orc (2/2) D:10            Elf (3/3) Orc:2        Vaults (4/5) D:13
  Crypt (0/3) Vaults:2     Depths (2/5) D:15        Gauntlet (visited)

Altars:
Ashenzari
Cheibriados
Dithmenos
Elyvilon
Fedhas
Gozag
Hepliaklqana
Kikubaaqudgha
Makhleb
Nemelex Xobeh
Okawaru
Qazlal
Ru
Sif Muna
Trog
Uskayaw
Vehumet
Wu Jian
Xom
Yredelemnul
Zin
The Shining One

Shops:
D:6 [   D:7 !   D:9 :}   D:11 (   D:14 ?   Orc:2 [[?[   Elf:1 !!   Shoals:1 *
Shoals:3 *   Vaults:4 !   Depths:1 :*

Portals:
Hell: Depths:1
Trove: Vaults:1 (give +5 ice dragon scales)

Annotations:
Elf:3 exclusion: 2 orange crystal statues
Vaults:2 2 runed translucent doors, Amplified's ghost, adept DgEE; jlumianski's ghost, veteran KoBe


Innate Abilities, Weirdness & Mutations

You are resistant to torment.
Your stone body is resilient. (AC +18)
You are immune to poison.
Your large and strong wings let you fly indefinitely.
You resist negative energy. (rN+)
You are resistant to electric shocks. (rElec)
You can survive without breathing.
You are immune to petrification.
You are immune to miasma.
You are partially covered in rugged brown scales. (AC +1, +3% HP)
You possess an exceptional clarity of mind.
You are clumsy. (Dex -2)
Your body sometimes deteriorates upon taking damage.
You are frail. (-10% HP)
You are occasionally teleported next to monsters.
Potions are less effective at restoring your health.


Message History

* * * LOW HITPOINT WARNING * * *
Unknown command.
Okay, then.
Casting: Blink (safe; 1% risk of failure)
Confirm with . or Enter, or press ? or * to list all spells.
You blink.
The acid blob spits acid at you.
The splash of acid hits you but does no damage.
You are splashed with acid.
You resist.
* * * LOW HITPOINT WARNING * * *
The acid blob spits acid at you. The splash of acid hits you. You resist.
* * * LOW HITPOINT WARNING * * *
The acid corrodes you!
You are splashed with acid.
You resist.
* * * LOW HITPOINT WARNING * * *
The acid blob spits acid at you. The splash of acid hits you. You resist.
* * * LOW HITPOINT WARNING * * *
The acid corrodes you!
You are splashed with acid!
You resist.
You die...

▓▓▓▓▓▓▓▓▓▓▓
▓.........▓
▓.........▓
▓.........▓
▓▓▓▓▓▓...J.....▓▓▓▓▓▓
▓.......JJ..........▓
▓...@.J.JJ.J.......?▓
▓........J.......[)(▓
▓................?!∩▓
▓∩............G..[[>▓
▓................$!∩▓
▓..............G.?:=▓
▓...................▓
▓...................▓
▓▓▓▓▓▓.........▓▓▓▓▓▓


You could see 5 acid blobs, an azure jelly, a slime creature and a death ooze.

Vanquished Creatures
  Boris (Vaults:4)
  Frederick (Vaults:4)
  Nikola (Elf:1)
  A profane servitor (Abyss:2)
  Arachne (Spider:4)
  2 bone dragons (Abyss:2)
  Jorgrun (Shoals:3)
  A tentacled monstrosity (Vaults:4)
  A lich (Vaults:4)
  Asterion (Depths:1)
  4 deep elf blademasters
  An acid blob (Zig:9)
  An Executioner (Abyss:2)
  4 deep elf master archers
  A tentacled starspawn (Zig:6)
  A kraken (Shoals:1)
  Polyphemus (Shoals:3)
  Ilsuiw (Shoals:2)
  Gastronok (D:9)
  2 tengu reavers
  Roxanne (D:14)
  An azure jelly (Zig:2)
  A revenant (Zig:8)
  The ghost of Hank the Impaler, a journeyman MiFi of the Shining One (Spider:2)
  7 deep elf sorcerers
  15 vault wardens
  5 ghost moths (Spider:4)
  4 fire giants
  A ghost moth (shapeshifter) (Vaults:3)
  Aizul (Shoals:3)
  Louise (D:14)
  An angel (Depths:1)
  4 emperor scorpions (Spider:4)
  A curse skull (Zig:8)
  5 very ugly things
  5 deep elf elementalists
  10 ironheart preservers
  3 vampire knights (Zig:8)
  10 stone giants
  4 deep elf demonologists
  A minotaur (Gauntlet)
  3 spark wasps
  9 deep elf annihilators (Elf:3)
  4 entropy weavers
  3 eidola
  4 merfolk javelineers
  6 deep elf death magi
  A crystal guardian (Vaults:4)
  10 merfolk impalers
  A mummy priest (Zig:5)
  7 ogre magi
  5 ettins
  2 blizzard demons
  Josephine (D:9)
  3 fire dragons
  8 yaktaur captains
  2 great orbs of eyes
  4 vault guards
  4 merfolk avatars
  A rakshasa (Vaults:2)
  11 hydras
  Harold (D:10)
  8 boulder beetles
  4 ice dragons
  3 merfolk aquamancers (Shoals:4)
  A catoblepas (Shoals:3)
  11 centaur warriors
  2 death knights
  25 dancing weapons
  2 satyrs
  An alligator snapping turtle (Shoals:2)
  26 two-headed ogres
  19 death yaks
  A death scarab (Zig:5)
  16 large abominations
  A deep troll shaman (Vaults:4)
  2 tengu warriors (Depths:2)
  6 vampire magi
  3 orc high priests (Orc:2)
  3 deep troll earth magi
  Urug (D:14)
  The ghost of Tinylith the Spear-Bearer, a novice NaBe of Trog (D:9)
  Sonja (Orc:1)
  A wretched star (Zig:6)
  A fire crab (D:13)
  30 deep elf knights
  6 hell knights
  A sixfirhy (Gauntlet)
  10 sea snakes
  5 unseen horrors
  6 wizards
  12 deep trolls
  4 glowing orange brains
  18 ironbrand convokers
  A kraken simulacrum (Shoals:4)
  3 flayed ghosts
  17 orc knights
  A lindwurm (shapeshifter) (Vaults:4)
  Pikel (D:7)
  2 phantasmal warriors
  19 deep elf archers
  23 harpies
  20 orb spiders
  6 necromancers
  64 deep elf magi
  27 ugly things
  A salamander (shapeshifter) (D:14)
  A mana viper (Abyss:2)
  5 oklob plants
  31 wolf spiders
  5 fauns
  11 orc sorcerers
  A worldbinder (Gauntlet)
  8 cyclopes
  15 elephants
  A guardian serpent (shapeshifter) (Vaults:4)
  12 manticores
  2 moths of wrath
  9 vault sentinels
  7 black mambas
  10 water nymphs
  A frost giant skeleton (Zig:5)
  8 merfolk sirens
  2 centaur zombies
  An apocalypse crab (Gauntlet)
  2 torpor snails
  An orange demon (Abyss:2)
  5 smoke demons
  A gargoyle (D:15)
  19 cane toads
  2 kobold demonologists (D:12)
  9 demonic crawlers
  3 rime drakes
  3 freezing wraiths
  A rime drake (shapeshifter) (Zig:7)
  31 yaktaurs
  2 hellwings (Depths:1)
  5 red devils (Depths:1)
  2 tengu conjurers
  A guardian mummy (Zig:5)
  An ancient zyme (Abyss:2)
  23 jumping spiders
  13 komodo dragons
  7 trolls
  39 merfolk
  A harpy zombie (D:14)
  9 polar bears
  A wind drake (shapeshifter) (Vaults:2)
  A polar bear (shapeshifter) (Vaults:3)
  6 wind drakes
  10 snapping turtles
  A troll (shapeshifter) (Vaults:2)
  6 raiju
  17 hornets
  A hydra skeleton (Abyss:2)
  A raiju (shapeshifter) (Vaults:4)
  12 dream sheep
  33 blink frogs
  24 slime creatures
  A meliai zombie (D:15)
  9 flying skulls
  19 tarantellas
  15 spriggans (Lair:6)
  3 air elementals
  64 redbacks
  5 wraiths
  5 wyverns
  7 water elementals
  A tarantella (shapeshifter) (Abyss:2)
  2 shadows
  5 vampires
  A fire elemental (Elf:2)
  A yak (shapeshifter) (Depths:1)
  7 ynoxinuls
  An ushabti (Zig:5)
  2 chaos spawn
  A human (D:14)
  36 yaks
  4 basilisks
  2 neqoxecs (Zig:6)
  A steam dragon (D:12)
  6 two-headed ogre zombies (D:11)
  10 wargs
  A swamp worm (shapeshifter) (Zig:1)
  A soldier ant (D:10)
  3 acid dragons
  2 hell hounds (Depths:1)
  13 water moccasins
  An ice dragon simulacrum (Vaults:1)
  37 orc warriors
  A black bear (shapeshifter) (Vaults:1)
  3 eyes of draining
  4 sky beasts
  4 black bears
  5 ice beasts
  24 ogres
  6 phantoms
  25 wolves
  7 boggarts
  31 centaurs
  A lemure (D:7)
  3 big kobolds
  Blork the orc (D:5)
  2 elf zombies (Elf:1)
  A gnoll sergeant (Orc:1)
  An earth elemental (Elf:3)
  17 bullfrogs
  11 small abominations (Abyss:2)
  3 human skeletons (Vaults:2)
  4 scorpions
  6 killer bees (D:10)
  15 wights
  A howler monkey (D:10)
  9 electric eels
  8 crimson imps
  3 quasits
  5 starcursed masses (Abyss:2)
  6 hounds
  5 jellies
  20 orc priests
  9 centaur skeletons
  An iguana (D:9)
  4 iron imps (Abyss:2)
  28 orc wizards
  2 bullfrog skeletons
  A hell rat (Lair:6)
  12 worker ants
  A human simulacrum (Abyss:2)
  2 hound skeletons
  4 mummies (Zig:5)
  A worker ant zombie (D:7)
  6 gnolls
  12 adders
  2 shadow imps
  12 white imps
  7 ufetubi
  An ooze (D:4)
  An adder zombie (D:9)
  2 worms
  3 dart slugs
  3 leopard geckos
  97 orcs
  7 giant cockroaches
  9 goblins
  18 hobgoblins
  16 jackals
  3 quokkas
  3 ball pythons
  9 bats
  7 frilled lizards
  A jackal zombie (D:5)
  20 kobolds
  6 rats
  4 tentacles
1851 creatures vanquished.

Vanquished Creatures (others)
  A ghost moth (Spider:4)
  An ironheart preserver (Vaults:1)
  A jiangshi (Abyss:2)
  A merfolk aquamancer (Shoals:4)
  2 deep elf knights
  A wolf spider (Spider:4)
  A deep elf mage (Elf:2)
  A manticore (Shoals:1)
  A naga mage (D:15)
  A tarantella (Spider:4)
  An ogre (Vaults:2)
  A bush (Lair:6)
  25 demonic plants (Gauntlet)
  53 fungi
  80 plants
  31 starspawn tentacles
  34 tentacles
236 creatures vanquished.

Grand Total: 2087 creatures vanquished

Notes
Turn   | Place    | Note
-------+----------+-------------------------------------------
     0 | D:1      | boysha the Gargoyle Fighter began the quest for the Orb.
     0 | D:1      | Reached XP level 1. HP: 14/14 MP: 1/1
   124 | D:1      | Reached XP level 2. HP: 16/19 MP: 2/2
   618 | D:1      | Reached XP level 3. HP: 24/24 MP: 3/3
  1594 | D:2      | Reached XP level 4. HP: 29/29 MP: 4/4
  2449 | D:3      | Reached skill level 5 in Fighting
  2570 | D:3      | Reached XP level 5. HP: 29/35 MP: 5/5
  2833 | D:4      | Noticed an ogre
  2847 | D:4      | Killed an ogre
  2848 | D:4      | Reached XP level 6. HP: 20/42 MP: 6/6
  3197 | D:4      | Found a staircase to the Ecumenical Temple.
  3270 | D:4      | Got a shimmering dagger
  3315 | Temple   | Entered the Ecumenical Temple
  3316 | Temple   | Identified the +4 dagger "Paaqiy" {vorpal, Will+ SInv} (You
                  | found it on level 4 of the Dungeon)
  3353 | Temple   | Became a worshipper of Warmaster Okawaru
  3694 | D:4      | HP: 1/44 [orc/+0 war axe (8)]
  4501 | D:5      | Entered Level 5 of the Dungeon
  4603 | D:5      | Reached XP level 7. HP: 35/48 MP: 7/7
  4791 | D:5      | Noticed Blork the orc
  4807 | D:5      | Killed Blork the orc
  4807 | D:5      | Reached * piety under Okawaru
  4808 | D:5      | Reached skill level 5 in Armour
  4808 | D:5      | Reached skill level 5 in Shields
  5055 | D:5      | Found a burning altar of Makhleb.
  5829 | D:6      | Reached XP level 8. HP: 50/54 MP: 8/8
  6031 | D:6      | Found Ycsoyr's Antique Armour Shop.
  6585 | D:6      | Reached skill level 5 in Maces & Flails
  7010 | D:6      | Reached ** piety under Okawaru
  7197 | D:6      | Reached skill level 5 in Invocations
  7214 | D:6      | Bought a crude ring mail for 189 gold pieces
  7224 | D:6      | Identified the +7 ring mail of Repulsion {*Drain rC- rN+++
                  | Stlth+} (You bought it in a shop on level 6 of the Dungeon)
  7267 | D:6      | Reached XP level 9. HP: 45/59 MP: 13/13
  7686 | D:7      | Noticed Pikel
  7704 | D:7      | Killed Pikel
  7704 | D:7      | Reached *** piety under Okawaru
  7786 | D:7      | Found Jelef's Distillery.
  7808 | D:7      | Bought a potion of heal wounds for 55 gold pieces
  8305 | D:8      | Reached skill level 10 in Fighting
  8596 | D:8      | Got an ancient dagger
  8680 | D:8      | Reached **** piety under Okawaru
  8681 | D:8      | Reached XP level 10. HP: 66/69 MP: 15/15
  9778 | D:8      | Identified the cursed +3 dagger "Soupnal" {vorpal, rF+}
                  | (You found it on level 8 of the Dungeon)
  9916 | D:9      | Found Ikkuufas's Gadget Emporium.
  9933 | D:9      | Found a staircase to the Lair.
 10222 | D:9      | Noticed Gastronok
 10224 | D:9      | Noticed a cyclops
 10244 | D:9      | Killed a cyclops
 10264 | D:9      | Killed Gastronok
 10264 | D:9      | Reached ***** piety under Okawaru
 10265 | D:9      | Reached skill level 10 in Shields
 10284 | D:9      | Reached XP level 11. HP: 32/74 MP: 16/16
 10702 | D:9      | Received a gift from Okawaru
 10707 | D:9      | Got a steaming plate armour {god gift}
 10732 | D:9      | Identified the +1 plate armour of Daumic {rPois Str+4 Int+3
                  | Dex-2} (Okawaru gifted it to you on level 9 of the Dungeon)
 10828 | D:9      | Found a white marble altar of Elyvilon.
 11055 | D:9      | Found a transporter.
 11055 | D:9      | Found a transporter.
 11060 | D:9      | Found a bloodstained altar of Trog.
 11069 | D:9      | Noticed a two-headed ogre
 11069 | D:9      | Noticed a cyclops
 11069 | D:9      | Noticed a deep troll
 11073 | D:9      | Noticed Tinylith's ghost (novice NaBe)
 11081 | D:9      | Noticed a moth of wrath
 11129 | D:9      | Found a sparkling altar of Nemelex Xobeh.
 11230 | D:9      | Found Nejumpink's Book Emporium.
 11476 | D:10     | Entered Level 10 of the Dungeon
 11510 | D:10     | Noticed Josephine
 11670 | D:9      | Killed Josephine
 12409 | D:10     | Noticed Harold
 12441 | D:10     | Killed Harold
 12569 | D:10     | Found a staircase to the Orcish Mines.
 13387 | D:11     | Noticed an unseen horror
 13402 | D:11     | Killed an unseen horror
 13675 | D:11     | Noticed a red ugly thing
 13705 | D:11     | Killed a red ugly thing
 14038 | D:11     | Reached XP level 12. HP: 71/80 MP: 18/18
 14526 | D:11     | Found Iwkemu's Weapon Emporium.
 14553 | D:11     | Noticed a two-headed ogre
 14570 | D:11     | Killed a two-headed ogre
 14570 | D:11     | Reached ****** piety under Okawaru
 15361 | Lair:1   | Entered Level 1 of the Lair of Beasts
 15502 | Lair:1   | Reached skill level 10 in Armour
 15522 | Lair:1   | Noticed a four-headed hydra
 15558 | Lair:1   | Killed a four-headed hydra
 15558 | Lair:1   | Received a gift from Okawaru
 16621 | Lair:2   | Noticed a death yak
 16621 | Lair:2   | Noticed a death yak
 16621 | Lair:2   | Noticed a death yak
 16622 | Lair:2   | Noticed a death yak
 16675 | Lair:1   | Killed a death yak
 16676 | Lair:1   | Reached XP level 13. HP: 56/86 MP: 17/19
 17019 | Lair:1   | Reached skill level 10 in Maces & Flails
 17552 | Lair:2   | Found a stormy altar of Qazlal.
 17641 | Lair:2   | Received a gift from Okawaru
 17860 | Lair:2   | Received a gift from Okawaru
 18519 | Lair:3   | Reached skill level 1 in Throwing
 18559 | Lair:3   | Found a sacrificial altar of Ru.
 18567 | Lair:3   | Found a gate leading to a gauntlet.
 18658 | Gauntlet | Entered a Gauntlet
 18658 | Gauntlet | Found a transporter.
 18879 | Gauntlet | Found a transporter.
 18886 | Gauntlet | Found a transporter.
 18894 | Gauntlet | Found a transporter.
 18909 | Gauntlet | Found a transporter.
 18928 | Gauntlet | Found a transporter.
 18939 | Gauntlet | Noticed a reaper
 18940 | Gauntlet | Found a transporter.
 18941 | Gauntlet | Found the +0 mask of the Dragon {Will+ Slay+3 SInv}
 18952 | Gauntlet | Found a transporter.
 18964 | Gauntlet | Found a transporter.
 18976 | Gauntlet | Found a transporter.
 18994 | Gauntlet | Found a transporter.
 19012 | Gauntlet | Found a transporter.
 19014 | Gauntlet | Found a transporter.
 19044 | Gauntlet | Found a transporter.
 19046 | Gauntlet | Found a transporter.
 19046 | Gauntlet | Found a transporter.
 19076 | Gauntlet | Found a transporter.
 19078 | Gauntlet | Found a transporter.
 19118 | Gauntlet | Got a spiked cloak
 19140 | Gauntlet | Identified the cursed +0 cloak of the Ornamental Wumpus
                  | {Rampage Str-3 Stlth+} (You found it in a Gauntlet)
 19219 | Gauntlet | Got a brightly glowing pewter ring
 19221 | Gauntlet | Identified the ring of the Distant Future {Wiz rC++ Dex+3}
                  | (You found it in a Gauntlet)
 19225 | Gauntlet | Noticed a minotaur
 19251 | Gauntlet | Killed a minotaur
 19252 | Gauntlet | Gained mutation: Your large and strong wings let you fly
                  | indefinitely. [Gargoyle growth]
 19252 | Gauntlet | Reached XP level 14. HP: 53/92 MP: 13/20
 19550 | Lair:3   | Received a gift from Okawaru
 20126 | Lair:3   | Got a twisted halberd
 20148 | Lair:3   | Got a fine robe
 20199 | Lair:3   | Found a hole to the Spider Nest.
 20439 | Lair:3   | Identified the +1 robe "Pergheiga" {Rampage Stlth+} (You
                  | found it on level 3 of the Lair of Beasts)
 20444 | Lair:3   | Identified the +4 halberd of Ravage {vorpal, *Rage Str+2
                  | Int+5} (You found it on level 3 of the Lair of Beasts)
 20878 | Lair:4   | Found a staircase to the Shoals.
 21094 | Lair:4   | Reached skill level 5 in Throwing
 22572 | Lair:5   | Received a gift from Okawaru
 22969 | Lair:5   | Found a staircase to the Slime Pits.
 23165 | Lair:6   | Entered Level 6 of the Lair of Beasts
 23414 | Lair:6   | Reached XP level 15. HP: 59/100 MP: 16/22
 23742 | Lair:6   | Reached skill level 10 in Invocations
 23760 | Lair:6   | Received a gift from Okawaru
 24909 | Lair:6   | Received a gift from Okawaru
 24921 | Lair:6   | Got a steaming crystal plate armour {god gift}
 25160 | Lair:6   | Identified the +0 crystal plate armour of the Salmon
                  | {Rampage +Blink} (Okawaru gifted it to you on level 6 of
                  | the Lair of Beasts)
 25421 | Orc:1    | Entered Level 1 of the Orcish Mines
 25586 | Orc:1    | Reached skill level 1 in Evocations
 25946 | Orc:2    | Entered Level 2 of the Orcish Mines
 26147 | Orc:2    | Found a staircase to the Elven Halls.
 26406 | Orc:1    | Noticed Sonja
 26429 | Orc:1    | Killed Sonja
 26482 | Orc:1    | Found a bloodstained altar of Trog.
 27364 | Orc:2    | Paralysed by an orc sorcerer for 6 turns
 27807 | Orc:2    | Found Boarub's Armour Shop.
 27807 | Orc:2    | Found Synlylue's Antique Armour Shop.
 27808 | Orc:2    | Found Ukoman's Magic Scroll Emporium.
 27815 | Orc:2    | Found Xufuarigh's Antique Armour Emporium.
 28119 | Orc:2    | Bought a scroll of identify for 22 gold pieces
 28119 | Orc:2    | Bought a scroll of identify for 22 gold pieces
 28122 | Orc:2    | Bought the +3 crown of Dyrovepreva {rElec Int+2 SInv} for
                  | 1159 gold pieces
 28122 | Orc:2    | Found the +3 crown of Dyrovepreva {rElec Int+2 SInv}
 28132 | Orc:2    | Bought a spiked cloak for 275 gold pieces
 28152 | Orc:2    | Identified the +2 cloak of Wuclefiu {Regen+ Str-3 Int+3}
                  | (You bought it in a shop on level 2 of the Orcish Mines)
 28568 | D:12     | Reached skill level 5 in Evocations
 29151 | D:9      | Killed Tinylith's ghost
 29376 | D:13     | Reached XP level 16. HP: 104/106 MP: 23/23
 29751 | D:13     | Found a gate to the Vaults.
 29821 | D:13     | Found a glowing golden altar of the Shining One.
 29990 | D:13     | Found a runed translucent door.
 30504 | D:14     | You fall into a shaft and drop 1 floor!
 30504 | D:15     | Entered Level 15 of the Dungeon
 30668 | D:14     | Found Haxzu's Magic Scroll Emporium.
 30720 | D:14     | Received a gift from Okawaru
 30730 | D:14     | Reached skill level 15 in Shields
 30818 | D:14     | Bought a scroll of identify for 20 gold pieces
 30818 | D:14     | Bought a scroll of identify for 20 gold pieces
 30819 | D:14     | Identified a scroll of acquirement
 30831 | D:14     | Acquired the ring of Fragile Peace {rCorr Int+2}
 31079 | D:14     | Noticed Urug
 31098 | D:14     | Noticed Louise
 31101 | D:14     | Killed Urug
 31137 | D:14     | Cast into level 2 of the Abyss (Louise)
 31242 | Abyss:2  | Noticed a bone dragon
 31273 | Abyss:2  | Killed a bone dragon
 31345 | Abyss:2  | Paralysed by a great orb of eyes for 5 turns
 31442 | Abyss:2  | Noticed a tentacled starspawn
 31750 | Abyss:2  | Received a gift from Okawaru
 31757 | D:14     | Escaped the Abyss
 31782 | D:14     | Cast into level 2 of the Abyss (Louise)
 31782 | Abyss:2  | Found a corrupted altar of Lugonu.
 31861 | Abyss:2  | Noticed a tentacled starspawn
 31887 | Abyss:2  | Noticed an Executioner
 31900 | Abyss:2  | Killed an Executioner
 32099 | Abyss:2  | Noticed a tentacled starspawn
 32102 | Abyss:2  | Gained mutation: Your body sometimes deteriorates upon
                  | taking damage. [a neqoxec]
 32339 | Abyss:2  | Noticed a profane servitor
 32361 | Abyss:2  | Killed a profane servitor
 32361 | Abyss:2  | Received a gift from Okawaru
 32361 | Abyss:2  | Received a gift from Okawaru
 32362 | Abyss:2  | Reached XP level 17. HP: 111/111 MP: 17/24
 32384 | Abyss:2  | Noticed a tentacled starspawn
 32435 | Abyss:2  | Noticed a tentacled starspawn
 32490 | Abyss:2  | Found a corrupted altar of Lugonu.
 32502 | Abyss:2  | Noticed a lich
 32527 | Abyss:2  | Noticed a tentacled starspawn
 32582 | Abyss:2  | Found an ancient bone altar of Kikubaaqudgha.
 32603 | Abyss:2  | Found an ancient bone altar of Kikubaaqudgha.
 32643 | Abyss:2  | Noticed a bone dragon
 32677 | Abyss:2  | Killed a bone dragon
 32681 | D:14     | Escaped the Abyss
 32760 | D:14     | Killed Louise
 32971 | D:14     | Identified Roxanne's Collected Works on Shape Shifting
 32971 | D:14     | Noticed Roxanne
 33432 | D:14     | Killed Roxanne
 33572 | D:15     | Received a gift from Okawaru
 34055 | D:15     | Paralysed by an orc sorcerer for 7 turns
 34185 | D:15     | Found a staircase to the Depths.
 34193 | D:15     | Reached skill level 15 in Fighting
 34678 | D:7      | Bought a potion of heal wounds for 55 gold pieces
 34678 | D:7      | Bought a potion of heal wounds for 55 gold pieces
 35459 | Lair:6   | Got an ominously black robe
 35470 | Lair:6   | Identified the +2 robe of Fortitude {rC+ Stlth+} (You found
                  | it on level 6 of the Lair of Beasts)
 35981 | Spider:1 | Entered Level 1 of the Spider Nest
 36660 | Spider:1 | Received a gift from Okawaru
 36695 | Spider:1 | Identified the Papyrus of the Mountains and Creation
 36763 | Spider:1 | Received a gift from Okawaru
 37632 | Spider:2 | Found a runed translucent door.
 37649 | Spider:2 | Noticed Hank's ghost (journeyman MiFi)
 37683 | Spider:2 | Killed Hank's ghost
 37683 | Spider:2 | Received a gift from Okawaru
 38218 | Spider:3 | Reached XP level 18. HP: 122/122 MP: 25/25
 38516 | Spider:4 | Entered Level 4 of the Spider Nest
 39205 | Spider:4 | Noticed Arachne
 39273 | Spider:4 | Killed Arachne
 39277 | Spider:4 | Received a gift from Okawaru
 40214 | Spider:4 | Got a gossamer rune of Zot
 41474 | Shoals:1 | Entered Level 1 of the Shoals
 41866 | Shoals:1 | Found Witeuwk's Assorted Antiques.
 41897 | Shoals:1 | Bought a scorched tin ring for 170 gold pieces
 41898 | Shoals:1 | Identified the ring "Bazxolute" {rC+ Dex+6} (You bought it
                  | in a shop on level 1 of the Shoals)
 42927 | Shoals:2 | Reached XP level 19. HP: 120/128 MP: 26/26
 42946 | Shoals:2 | Received a gift from Okawaru
 43058 | Shoals:2 | Received a gift from Okawaru
 43124 | Shoals:2 | Got an ancient morningstar {god gift}
 43126 | Shoals:2 | Identified the +4 morningstar "Qeoli" {holy, Dex+3}
                  | (Okawaru gifted it to you on level 2 of the Shoals)
 43417 | Shoals:2 | Noticed Ilsuiw
 43943 | Shoals:2 | Killed Ilsuiw
 44580 | Shoals:3 | Noticed Aizul
 44621 | Shoals:3 | Killed Aizul
 44622 | Shoals:3 | Reached skill level 15 in Armour
 44680 | Shoals:3 | Reached skill level 1 in Translocations
 44698 | Shoals:3 | Found Xupymoj's Mass Market.
 45280 | Shoals:3 | Noticed Polyphemus
 45329 | Shoals:3 | Received a gift from Okawaru
 45367 | Shoals:3 | Killed Polyphemus
 45480 | Shoals:3 | Noticed Jorgrun
 45518 | Shoals:3 | Killed Jorgrun
 45519 | Shoals:3 | Reached skill level 5 in Translocations
 45787 | Shoals:3 | Identified Meneuf's Papyrus of Companions and Flames
 45991 | Shoals:4 | Entered Level 4 of the Shoals
 46352 | Shoals:4 | Received a gift from Okawaru
 46366 | Shoals:4 | Got a barnacled rune of Zot
 46464 | Shoals:4 | Got a shimmering garnet amulet
 46477 | Shoals:4 | Identified the amulet of the Hero {Spirit rElec rF+ rC+}
                  | (You found it on level 4 of the Shoals)
 46711 | Shoals:4 | Received a gift from Okawaru
 46908 | Shoals:4 | Got a crude copper ring
 47145 | Shoals:4 | Identified the ring "Adizeim" {Fire rPois Dex+3} (You found
                  | it on level 4 of the Shoals)
 47680 | D:9      | Bought a book of Spatial Translocations for 910 gold pieces
 47683 | D:9      | Learned a level 2 spell: Blink
 47858 | Vaults:1 | Entered Level 1 of the Vaults
 47957 | Vaults:1 | Received a gift from Okawaru
 48009 | Vaults:1 | Reached XP level 20. HP: 116/134 MP: 21/27
 48067 | Vaults:1 | Found a portal to a secret trove of treasure.
 48198 | Vaults:1 | Found a flickering gateway to a bazaar.
 48218 | Bazaar   | Entered a bazaar
 48218 | Bazaar   | Found Vigh's Distillery.
 48218 | Bazaar   | Found Piunopre's Antique Armour Emporium.
 48219 | Bazaar   | Found Muoneergh's Jewellery Shoppe.
 48219 | Bazaar   | Found Zynompash's Antique Armour Emporium.
 48306 | Bazaar   | Bought a jewelled scale mail for 198 gold pieces
 48316 | Bazaar   | Identified the +1 scale mail of Impermeability {rElec rN+
                  | MP+9 Dex-2} (You bought it in a shop in a bazaar)
 48953 | Vaults:1 | Received a gift from Okawaru
 51238 | Vaults:2 | Found a staircase to the Crypt.
 51399 | Vaults:2 | Found a large runed translucent door.
 51400 | Vaults:2 | Found a large runed translucent door.
 51400 | Vaults:2 | Noticed Amplified's ghost (adept DgEE)
 51400 | Vaults:2 | Noticed jlumianski's ghost (veteran KoBe)
 51458 | Vaults:2 | Received a gift from Okawaru
 51931 | Vaults:3 | Received a gift from Okawaru
 52958 | Vaults:3 | Reached XP level 21. HP: 129/139 MP: 28/28
 53468 | Vaults:3 | Received a gift from Okawaru
 53551 | Vaults:2 | Received a gift from Okawaru
 54462 | Vaults:3 | Received a gift from Okawaru
 54811 | Depths:1 | Entered Level 1 of the Depths
 54887 | Depths:1 | Learned a level 3 spell: Teleport Other
 54891 | Depths:1 | Learned a level 3 spell: Lesser Beckoning
 54893 | Depths:1 | Learned a level 1 spell: Apportation
 54968 | Depths:1 | Noticed Asterion
 54999 | Depths:1 | Gained mutation: Armour fits poorly on your strangely
                  | shaped body. [a cacodemon]
 55005 | Depths:1 | Gained mutation: Potions are less effective at restoring
                  | your health. [a cacodemon]
 55117 | Depths:1 | Killed Asterion
 55339 | Depths:1 | Found a gateway to Hell.
 55605 | Depths:1 | Found Sohuke's Demolitions Depot.
 56382 | Vaults:3 | Acquired a manual of Maces & Flails
 56828 | Vaults:4 | Noticed Frederick
 56850 | Vaults:4 | Killed Frederick
 57022 | Vaults:4 | Received a gift from Okawaru
 57088 | Vaults:4 | Found Wuetegyn's Distillery.
 57107 | Vaults:4 | Bought a potion of mutation for 144 gold pieces
 57107 | Vaults:4 | Lost mutation: Your body sometimes deteriorates upon taking
                  | damage. [potion of mutation]
 57107 | Vaults:4 | Lost mutation: Armour fits poorly on your strangely shaped
                  | body. [potion of mutation]
 57107 | Vaults:4 | Gained mutation: Your body sometimes deteriorates upon
                  | taking damage. [potion of mutation]
 57107 | Vaults:4 | Gained mutation: You are strong-willed. (Will+) [potion of
                  | mutation]
 57167 | Vaults:4 | Reached skill level 15 in Maces & Flails
 57167 | Vaults:4 | Reached XP level 22. HP: 87/147 MP: 29/29
 57207 | Vaults:4 | Noticed Boris
 57226 | Vaults:4 | Killed Boris
 57439 | Vaults:4 | Received a gift from Okawaru
 58252 | Vaults:4 | Found a stormy altar of Qazlal.
 58621 | Elf:1    | Entered Level 1 of the Elven Halls
 58916 | Elf:1    | Acquired the ring "Riuwnyzy" {rF+ rN+}
 59028 | Elf:1    | Got a warped spear
 59029 | Elf:1    | Identified the +7 spear of Terror {vamp, Int+2 Dex+6 SInv}
                  | (You found it on level 1 of the Elven Halls)
 59075 | Elf:1    | Noticed Nikola
 59086 | Elf:1    | Killed Nikola
 59236 | Elf:1    | Identified Kikubaaqudgha's Guide on Unholy Rites
 59403 | Elf:1    | Found Paubb's Distillery.
 59405 | Elf:1    | Found Woaskeck's Distillery.
 59914 | Elf:2    | Received a gift from Okawaru
 60190 | Elf:2    | Found a runed translucent gate.
 60349 | Elf:2    | Received a gift from Okawaru
 60423 | Elf:2    | Found a runed translucent gate.
 60424 | Elf:2    | Found a runed translucent gate.
 60824 | Elf:2    | Reached XP level 23. HP: 143/155 MP: 30/30
 61065 | Elf:3    | Entered Level 3 of the Elven Halls
 61281 | Elf:3    | Gained mutation: Armour fits poorly on your strangely
                  | shaped body. [a cacodemon]
 61557 | Elf:3    | Identified the +6 battleaxe "Judiem" {protect, rN++ Dex-4}
 61636 | Elf:3    | Identified Sif Muna's Compendium of Supportive Poisoning
 61640 | Elf:3    | Got an ancient cloak
 61671 | Elf:3    | Identified the Reference Book on Dark Orientation
 61796 | Elf:3    | Identified the cursed -5 cloak of Obboud {rF++ rC++ Dex-3}
                  | (You found it on level 3 of the Elven Halls)
 61870 | Elf:3    | Received a gift from Okawaru
 61873 | Elf:3    | Got a scorched crystal plate armour {god gift}
 61886 | Elf:3    | Identified the +8 crystal plate armour "Siqaanaw" {rCorr}
                  | (Okawaru gifted it to you on level 3 of the Elven Halls)
 62478 | Elf:3    | Got a brightly glowing dagger
 62479 | Elf:3    | Identified the +8 dagger of Entrepreneurial Spirit {drain,
                  | +Blink rPois rF+ Str+2} (You found it on level 3 of the
                  | Elven Halls)
 63489 | Depths:1 | Reached skill level 10 in Translocations
 63582 | Depths:1 | Found Vuserud's Book Emporium.
 63615 | Depths:1 | Found a gateway to a ziggurat.
 64256 | Zig:1    | Entered Level 1 of a ziggurat
 64289 | Zig:2    | Entered Level 2 of a ziggurat
 64304 | Zig:2    | Identified the Compendium of Harmful Stolen Souls
 64311 | Zig:3    | Entered Level 3 of a ziggurat
 64326 | Zig:3    | Identified the Papyrus of Creative Transmigration
 64335 | Zig:4    | Entered Level 4 of a ziggurat
 64392 | Zig:5    | Entered Level 5 of a ziggurat
 64627 | Zig:5    | Identified the Handbook of the Merchant
 64639 | Zig:5    | Lost mutation: You are strong-willed. (Will+) [potion of
                  | mutation]
 64639 | Zig:5    | Lost mutation: Your body sometimes deteriorates upon taking
                  | damage. [potion of mutation]
 64639 | Zig:5    | Lost mutation: Armour fits poorly on your strangely shaped
                  | body. [potion of mutation]
 64639 | Zig:5    | Gained mutation: You possess an exceptional clarity of
                  | mind. [potion of mutation]
 64639 | Zig:5    | Gained mutation: You are partially covered in rugged brown
                  | scales. (AC +1, +3% HP) [potion of mutation]
 64646 | Zig:6    | Entered Level 6 of a ziggurat
 64660 | Zig:6    | Gained mutation: Your body sometimes deteriorates upon
                  | taking damage. [a neqoxec]
 64663 | Zig:6    | Gained mutation: You are occasionally teleported next to
                  | monsters. [a neqoxec]
 64684 | Zig:6    | Gained mutation: You are frail. (-10% HP) [a neqoxec]
 64692 | Zig:6    | Gained mutation: You are clumsy. (Dex -2) [a neqoxec]
 64729 | Zig:6    | Got an ancient lapis lazuli ring
 64784 | Zig:6    | Identified the ring of Mutualism {*Drain +Inv rPois Int+3
                  | Slay+3} (You found it on level 6 of a ziggurat)
 64790 | Zig:7    | Entered Level 7 of a ziggurat
 64858 | Zig:8    | Entered Level 8 of a ziggurat
 64911 | Zig:8    | Reached XP level 24. HP: 74/152 MP: 26/30
 65104 | Zig:8    | Identified Gaicis's Incunabulum of Noxious Heat
 65114 | Zig:8    | Got an encrusted war axe
 65117 | Zig:8    | Got a polished kite shield
 65123 | Zig:8    | Identified the +5 war axe of Relitt {flame, rPois Will+}
                  | (You found it on level 8 of a ziggurat)
 65134 | Zig:8    | Identified the +0 kite shield "Ampou" {Rampage rCorr Str-5
                  | Dex+3} (You found it on level 8 of a ziggurat)
 65152 | Zig:9    | Entered Level 9 of a ziggurat
 65179 | Zig:9    | HP: 6/154 [acid (6)]
 65179 | Zig:9    | Splashed by an acid blob's acid

Illustrated notes

Levels and vault maps discovered:
D:1:      mrwooster_arrival_statue, layout_basic, minmay_misc_feat_square
D:2:      layout_basic
D:3:      layout_basic
D:4:      layout_basic, minmay_temple_entry_crystal_x
D:5:      layout_basic, makhleb_heckhound_becter, uniq_blork_the_orc
D:6:      layout_basic, serial_bayou, serial_bayou_ford_a, serial_bayou_pond_a,
          serial_bayou_pond_c, serial_bayou_crossing, serial_shops, shop,
          corexii_checkpoint_a
D:7:      layout_basic, serial_shops, nicolae_shop_trees,
          kennysheep_cluttered_room, uniq_pikel
D:8:      layout_basic, water_maze_lemuel
D:9:      minmay_the_grid_octo_tiled_squarecenter [minmay_the_grid_octo_toaster,
          minmay_the_grid_octo_pinwheel, minmay_the_grid_octo_fat_diamond,
          minmay_the_grid_octo_teeth,
          minmay_the_grid_square_5x5_megaprize_hollow,
          minmay_the_grid_square_5x5_trominoes, minmay_the_grid_square_5x5_six,
          minmay_the_grid_square_5x5_pentomino_r,
          minmay_the_grid_square_5x5_plus], layout_loops_ring,
          kennysheep_little_box, lair_entry_dummy, serial_shops, shop,
          nicolae_shop_waterfront, gammafunk_ghost_wrathful_warriors,
          elyvilon_altar_1, uniq_gastronok
D:10:     layout_irregular_city, erik_orc_3, uniq_harold, uniq_josephine
D:11:     lemuel_ogre_cave, layout_long_grid, serial_shops, nicolae_shop_stone
D:12:     layout_rooms, onia_ninara_dug_in_and_dangerous
D:13:     layout_loops_ring, erik_vaults_1, basic_altar, minmay_hidden_floor
D:14:     layout_loops_ring, dk_noncrumbling_4, serial_shops, shop_statue,
          grunt_livestock, sword_in_stone, uniq_roxanne
D:15:     grunt_enter_depths_magical_seal, layout_cave_pools, minmay_liquid_box,
          drop_trap, minivault_10, nrook_pool_corridor, minmay_hedge_maze
Temple:   minmay_crystal_snake_temple
Lair:1:   layout_loops_ring
Lair:2:   layout_chaotic_city, basic_altar, forest_entry_grove,
          grunt_megastairs_2
Lair:3:   layout_loops_ring, nicolae_spider_entry_tight_spaces,
          gauntlet_entry_generic, basic_altar, infiniplex_staircase_pool_2,
          uniq_urug
Lair:4:   layout_misc_corridors, elwin_shoals_entry_rocks, st_stairs_6
Lair:5:   layout_cave_pods, minmay_slime_entry_oklob_open, grunt_megastairs_4
Lair:6:   minmay_lair_end_enchanted_forest, layout_small_grid,
          minmay_lair_oklob_chamber
Shoals:1: layout_shoals, serial_shops, shop_statue
Shoals:2: layout_shoals, uniq_ilsuiw, uniq_louise
Shoals:3: layout_shoals, minmay_shop_mass, nicolae_shoals_wave_tunnel,
          uniq_polyphemus, uniq_aizul, uniq_jorgrun
Shoals:4: shoals_end_grunt_ice, layout_shoals, shoals_ilsuiw_ice, shoals_oasis
Spider:1: layout_spider_delve, drop_trap
Spider:2: layout_spider_delve, ebering_ghost_reflecting_pool
Spider:3: layout_spider_delve
Spider:4: johnstein_spider_rune_arachne_lair
Orc:1:    layout_caves, trog_hazing_becter, uniq_sonja
Orc:2:    st_orc_elflike, layout_caves, mines2_lemuel
Elf:1:    layout_loops_corners, minmay_elf_necromancy, corexii_hall_statues_i,
          minmay_shoptagon, uniq_nikola
Elf:2:    layout_gridlike, st_stairs_9, grunt_ministairs_4
Elf:3:    grunt_elf_hall_spiral, layout_gridlike, david_greed
Vaults:1: nicolae_vaults_ring_of_whatevers, grunt_vaults_hallway_short,
          ontoclasm_vaults_claustrophobia, ontoclasm_vaults_hangar,
          hangedman_vaults_slither, vaults_room_large_hall,
          nicolae_vaults_know_your_exits, vaults_dpeg_encased_lava,
          ontoclasm_vaults_spin, vaults_room_pools, nicolae_vaults_rhombus_5,
          nicolae_vaults_little_squares_1, layout_vaults_ring,
          trove_entry_hex_spiral, serial_shops, bzr_entry_lakeside
Vaults:2: advil_vaults_ghost_guards, nicolae_vaults_border_crossing,
          minmay_crypt_entry_vampire_xt, grunt_vaults_focal,
          vaults_mumra_hexcomb, ontoclasm_vaults_shout, v_alt_pattern_6,
          ontoclasm_vaults_ring_small, vaults_standard_mumra_lines,
          hangedman_vaults_pinch, vaults_room_corners, ontoclasm_vaults_bender,
          vaults_room_stairs_pillars, ontoclasm_vaults_ligature,
          grunt_vaults_hallway_short, v_misc_17, layout_vaults_maze_bifur
Vaults:3: hangedman_vaults_river_flow, v_misc_30, v_pattern_5, v_misc_5,
          layout_vaults_omnigrid
Vaults:4: st_smaller_cells, vaults_mumra_minichess, nicolae_vaults_what_the_h,
          grunt_vaults_funnel, v_rooms_4, v_misc_23, vaults_room_semicircle,
          nicolae_vaults_sealed_display, vaults_room_pool,
          nicolae_vaults_rhombus_6, vaults_room_hallway, ontoclasm_vaults_twist,
          v_misc_26, v_misc_23, layout_vaults_omnicross, basic_altar,
          serial_shops, nicolae_shop_waterfront, uniq_boris, uniq_frederick
Depths:1: layout_cave_shapes, enter_ziggurat_f, hellmouth_3,
          kennysheep_another_room, nicolae_blasting_shop, nooodl_orcs_dogs,
          minmay_shop_star, serial_bayou_shore_b, uniq_asterion
Depths:2: hangedman_cross_veins, layout_gridville, hellmouth_1,
          ashenzari_altar_1
Zig:9

Skill      XL: |  1  2  3  4  5  6  7  8  9 10 11 12 13 14 15 16 17 18 19 20 21 22 23 |
---------------+----------------------------------------------------------------------+-----
Shields        | 4 5 10 11 14 17 18 20 | 20.0
Fighting       | 4 5 6 7 8 11 12 14 16 17 18 19 21 | 21.0
Armour         | 4 5 9 12 13 15 19 21 | 21.0
Maces & Flails | 3 5 6 7 8 13 14 15 18 | 18.2
Invocations    | 6 7 9 10 | 10.0
Throwing       | 2 5 |  5.0
Evocations     | 6 8 |  8.0
Translocations | 9 12 | 12.6

Action                   |  1- 3 |  4- 6 |  7- 9 | 10-12 | 13-15 | 16-18 | 19-21 | 22-24 || total
-------------------------+-------+-------+-------+-------+-------+-------+-------+-------++-------
Melee: Flail             |   114 |   192 |    57 |  1171 |  2044 |  2995 |  3049 |   209 ||  9831
       Dagger            |       |    73 |    34 |     5 |       |       |       |       ||   112
       Dire flail        |       |       |   288 |       |       |       |       |       ||   288
       Whip              |       |       |       |       |       |    31 |       |       ||    31
       Eveningstar       |       |       |       |       |       |       |    62 |  1211 ||  1273
Throw: Dart              |       |       |       |       |     3 |       |    10 |       ||    13
       Throwing net      |       |       |       |       |       |     2 |       |       ||     2
       Javelin           |       |       |       |       |       |       |    27 |       ||    27
       Boomerang         |       |       |       |       |       |       |     2 |       ||     2
 Cast: Blink             |       |       |       |       |       |       |     8 |     3 ||    11
Invok: Heroism           |       |       |     2 |     5 |    18 |    20 |    23 |    13 ||    81
       Finesse           |       |       |       |     2 |    11 |    12 |    15 |    16 ||    56
 Abil: Evoke Blink       |       |       |       |       |       |     7 |     5 |       ||    12
       Fly               |       |       |       |       |       |     1 |       |       ||     1
       Stop Flying       |       |       |       |       |       |       |       |     1 ||     1
Evoke: Wand              |       |       |       |       |     1 |    10 |       |     3 ||    14
  Use: Scroll            |       |     7 |     2 |     9 |     8 |    25 |    12 |     4 ||    67
       Potion            |       |     1 |     1 |     2 |     2 |     4 |     5 |     4 ||    19
 Stab: Petrified         |       |       |       |       |     6 |       |     2 |       ||     8
       Held in net/web   |       |       |       |       |       |     2 |       |       ||     2
       Petrifying        |       |       |       |       |       |       |     1 |       ||     1
Armor: Scale mail        |    63 |   137 |    99 |       |       |   100 |   754 |    22 ||  1175
       Ring mail         |       |       |   127 |   123 |       |       |       |       ||   250
       Plate armour      |       |       |       |   588 |   811 |       |       |       ||  1399
       Crystal plate arm |       |       |       |       |   226 |  1564 |   270 |   549 ||  2609
Dodge: Dodged            |    36 |    81 |   182 |   268 |   229 |   275 |   484 |   175 ||  1730
Block: Kite shield       |    66 |   137 |     6 |   685 |       |       |       |       ||   894
       Tower shield      |       |       |       |    72 |  1848 |  3295 |  3597 |  1577 || 10389
       Reflection        |       |       |       |       |    50 |    71 |   226 |   111 ||   458
